 Dungeon Crawl Stone Soup version 0.30.0-10-gfe55d96785 (webtiles) character file.

Game seed: 9577576765739411983

2292 cowcol the Protected (level 9, 0/81 HPs)
             Began as a Minotaur Fighter on May 13, 2023.
             Slain by a vampire
             ... wielding a +2 vampiric glaive
              (5 damage)
             ... in a bailey.
             The game lasted 00:21:01 (7732 turns).

cowcol the Protected (Minotaur Fighter)             Turns: 7732, Time: 00:21:01

Health: 0/81       AC: 17    Str: 25    XL:     9   Next: 17%
Magic:  8/8        EV:  8    Int:  6    God:
Gold:   451        SH:  0    Dex: 11    Spells: 8/8 levels left

rFire   . . .        a - +1 war axe
rCold   . . .        c - +0 buckler
rNeg    . . .        G - +0 chain mail
rPois   .            (helmet unavailable)
rElec   .            (no cloak)
rCorr   .            (no gloves)
SInv    .            y - +0 pair of boots
Will    .....        t - amulet of regeneration Stlth
                     E - +4 ring of protection
HPRegen 1.13/turn    (no ring)
MPRegen 0.11/turn

%: no passive effects
@: confused, hasted, very quick
A: horns 3, retaliatory headbutt, claws 1, strong 1
a: no special abilities


You were in a bailey.
You visited 1 branch of the dungeon, and saw 7 of its levels.
You also visited: Sewer and Bailey.

You collected 451 gold pieces.

Inventory:

Hand Weapons
 a - a +1 war axe (weapon)
 F - a +2 heavy dire flail
 P - the +5 rapier "Atappor" {elec, rElec rN+}
   (You found it on level 7 of the Dungeon)

   rElec:     It insulates you from electricity.
   rN:        It protects you from negative energy.
Missiles
 i - 2 poisoned darts (quivered)
 I - 2 boomerangs
Armour
 b - a +0 scale mail
 c - a +0 buckler (worn)
 l - a +1 leather armour of fire resistance
 o - a +0 plate armour
 y - a +0 pair of boots (worn)
 A - a +0 ring mail
 D - the orb "Qemop" {light, Fly rN++ Int-4 SInv}
   (You found it on level 4 of the Dungeon)

   Int:       It affects your intelligence (-4).
   rN:        It greatly protects you from negative energy.
   SInv:      It lets you see invisible.
   Fly:       It grants you flight.
 G - a +0 chain mail (worn)
Jewellery
 t - an amulet of regeneration (around neck)
 v - a ring of magical power
 E - a +4 ring of protection (left claw)
 N - a ring of ice
Wands
 n - a wand of iceblast (6)
Scrolls
 e - 4 scrolls of teleportation
 g - 3 scrolls of immolation
 j - a scroll of fear
 m - 2 scrolls of magic mapping
 p - a scroll of vulnerability {unknown}
 s - 4 scrolls of enchant weapon
 u - 4 scrolls of fog
 z - 2 scrolls of blinking
 C - a scroll of enchant armour {unknown}
 H - a scroll of amnesia {unknown}
 K - a scroll of torment {unknown}
Potions
 d - a potion of cancellation {unknown}
 f - 6 potions of flight
 h - a potion of haste
 k - a potion of brilliance {unknown}
 q - a potion of heal wounds
 r - a potion of attraction {unknown}
 w - a potion of ambrosia {unknown}
 x - 2 potions of magic {unknown}
 B - a potion of berserk rage {unknown}
 J - 2 potions of lignification
 L - a potion of invisibility {unknown}
 M - 2 potions of mutation


   Skills:
 + Level 7.8 Fighting
 + Level 9.0 Axes
 - Level 2.0 Throwing
 + Level 9.9 Armour
 - Level 3.6 Shields
 + Level 0.1 Evocations


You had 8 spell levels left.
You didn't know any spells.
Your spell library contained the following spells:

 Spells                   Type           Power      Damage    Failure   Level
 Foxfire                  Conj/Fire      0%         2x1d4     94%         1
 Passage of Golubria      Tloc           0%         N/A       100%        4
 Fireball                 Conj/Fire      0%         3d3       100%        5
 Silence                  Hex/Air        0%         N/A       100%        5
 Plasma Beam              Fire/Air       0%         2x1d11    100%        6
 Simulacrum               Ice/Necr       0%         N/A       100%        6
 Starburst                Conj/Fire      0%         6d3       100%        6
 Ozocubu's Refrigeration  Ice            0%         4d7       100%        7
 Lehudib's Crystal Spear  Conj/Erth      0%         10d2      100%        8
 Polar Vortex             Ice            0%         N/A       100%        9


Dungeon Overview and Level Annotations

Branches:
Dungeon (7/15)             Temple (0/1) D:7           Sewer (visited)
 Bailey (1/1)

Altars:
Cheibriados
Wu Jian
Yredelemnul
Zin


Innate Abilities, Weirdness & Mutations

You have a pair of large horns on your head.
You reflexively headbutt those who attack you in melee.
You have sharp fingernails.
Your muscles are strong. (Str +4, Int/Dex -1)


Message History

The vampire draws strength from your injuries!
The vampire barely misses you. The vampire bites you!
The vampire draws strength from your injuries!
You slash the vampire!
The vampire is moderately damaged.
The vampire hits you with a +2 vampiric glaive!
The vampire draws strength from your wounds!
The vampire completely misses you.
You bump into the stone wall.
The vampire hits you with a +2 vampiric glaive.
The vampire draws strength from your wounds!
The vampire bites you but does no damage.
You bump into the stone wall.
You bump into the stone wall.
The vampire hits you with a +2 vampiric glaive!
* * * LOW HITPOINT WARNING * * *
The vampire draws strength from your wounds!
The vampire bites you but does no damage.
You bump into the stone wall.
The vampire hits you with a +2 vampiric glaive.
* * * LOW HITPOINT WARNING * * *
The vampire bites you.
* * * LOW HITPOINT WARNING * * *
The vampire draws strength from your injuries!
You hit the vampire but do no damage.
You feel much better.
The vampire hits you with a +2 vampiric glaive!
* * * LOW HITPOINT WARNING * * *
The vampire bites you.
* * * LOW HITPOINT WARNING * * *
The vampire draws strength from your injuries!
Found a phantom mirror.
The vampire hits you with a +2 vampiric glaive!
* * * LOW HITPOINT WARNING * * *
The vampire bites you.
* * * LOW HITPOINT WARNING * * *
The vampire draws strength from your injuries!
Found a potion of haste.
The vampire hits you with a +2 vampiric glaive.
You die...

#.......####....+
#8.....##..##...+
#########.)..#...#
#8.......))......#
#.........#......#
###''##...##....8#
##....##...#######
#....V.##...)...8#
#...##.@.#8.......#
#..# ##..##########
#.. #..# #8. ...#
## }[## !8## ##


You could see a vampire.

Vanquished Creatures
  A gargoyle (Bailey)
  Sigmund (D:3)
  Menkaure (D:4)
  Edmund (D:5)
  2 water moccasins
  2 centaurs
  2 ogres
  A kobold brigand (D:6)
  2 bullfrogs
  A gnoll sergeant (D:5)
  2 scorpions
  A water moccasin zombie (D:6)
  A howler monkey (D:5)
  A jelly (D:4)
  A hound (D:5)
  4 orc priests
  Jessica (D:2)
  A sleepcap (D:6)
  A killer bee zombie (D:6)
  5 gnolls (D:5)
  14 adders
  4 river rats
  A shadow imp (D:5)
  An ufetubus (D:5)
  2 worms
  3 dart slugs
  6 orcs
  14 bats
  5 endoplasms
  4 giant cockroaches
  5 hobgoblins
  5 jackals
  3 quokkas
  12 ball pythons
  4 frilled lizards
  8 goblins
  16 kobolds
  13 orc zombies (Bailey)
  6 rats
158 creatures vanquished.

Notes
Turn   | Place    | Note
-------+----------+-------------------------------------------
     0 | D:1      | cowcol the Minotaur Fighter began the quest for the Orb.
     0 | D:1      | Reached XP level 1. HP: 19/19 MP: 0/0
    74 | D:1      | Found a faded altar of an unknown god.
   225 | D:1      | Reached XP level 2. HP: 27/27 MP: 1/1
  1039 | D:2      | Reached XP level 3. HP: 29/34 MP: 2/2
  1232 | D:2      | Noticed Jessica
  1248 | D:2      | Killed Jessica
  1249 | D:2      | Reached skill level 5 in Armour
  1249 | D:2      | Reached XP level 4. HP: 41/41 MP: 3/3
  1807 | D:3      | Noticed Sigmund
  1824 | D:3      | Killed Sigmund
  1825 | D:3      | Reached skill level 5 in Fighting
  1825 | D:3      | Reached skill level 1 in Throwing
  1825 | D:3      | Reached XP level 5. HP: 29/48 MP: 4/4
  2342 | D:3      | Reached XP level 6. HP: 56/56 MP: 5/5
  3064 | D:3      | Gained mutation: You have sharp fingernails. [potion of
                  | mutation]
  3064 | D:3      | Gained mutation: You have supernaturally acute eyesight.
                  | (SInv) [potion of mutation]
  3064 | D:3      | Gained mutation: Your body sometimes deteriorates upon
                  | taking damage. [potion of mutation]
  3064 | D:3      | Gained mutation: You have a pair of large horns on your
                  | head. [potion of mutation]
  3065 | D:3      | Lost mutation: You have a pair of large horns on your head.
                  | [potion of mutation]
  3065 | D:3      | Lost mutation: Your body sometimes deteriorates upon taking
                  | damage. [potion of mutation]
  3065 | D:3      | Lost mutation: You have supernaturally acute eyesight.
                  | (SInv) [potion of mutation]
  3065 | D:3      | Gained mutation: Your muscles are strong. (Str +4, Int/Dex
                  | -1) [potion of mutation]
  3065 | D:3      | Gained mutation: You have a pair of large horns on your
                  | head. [potion of mutation]
  3303 | D:4      | Noticed Menkaure
  3317 | D:4      | Killed Menkaure
  3579 | D:4      | Upgraded the game from 0.30.0-5-g1a98f26d00 to
                  | 0.30.0-10-gfe55d96785
  3628 | D:4      | Reached XP level 7. HP: 63/63 MP: 6/6
  3874 | D:4      | Identified the orb "Qemop" {light, Fly rN++ Int-4 SInv}
  3951 | D:4      | Found a glowing silver altar of Zin.
  4570 | D:5      | Entered Level 5 of the Dungeon
  4574 | D:5      | Noticed Edmund
  4582 | D:5      | Killed Edmund
  4583 | D:5      | Reached skill level 5 in Axes
  4898 | D:5      | Reached XP level 8. HP: 67/71 MP: 7/7
  5488 | D:5      | Found an ornate altar of the Wu Jian Council.
  5518 | D:5      | Found a snail-covered altar of Cheibriados.
  5722 | D:6      | Found a glowing drain.
  5737 | Sewer    | Entered a sewer
  7267 | D:6      | Found a basalt altar of Yredelemnul.
  7431 | D:7      | Identified the +5 rapier "Atappor" {elec, rElec rN+}
  7449 | D:7      | Reached XP level 9. HP: 75/80 MP: 8/8
  7470 | D:7      | Found a flagged portal.
  7484 | Bailey   | Entered a bailey
  7681 | Bailey   | Noticed a gargoyle
  7688 | Bailey   | Killed a gargoyle
  7731 | Bailey   | HP: 4/81 [vampire/+2 vampiric glaive (2)]
  7732 | Bailey   | Slain by a vampire

Illustrated notes

Levels and vault maps discovered:
D:1:      lightli_arrival_isolated_outpost, layout_loops_cross,
          hellmonk_ecumenical_altar_run_dry
D:2:      layout_rooms, uniq_jessica
D:3:      layout_loops_ring, nicolae_concentric_dashed_squares_mild,
          minmay_strange_pillars, uniq_sigmund
D:4:      nicolae_cairo_tiling_very_big, layout_cave_pods, zin_statuary,
          kennysheep_orc_chapel, uniq_menkaure
D:5:      layout_basic, mainiacjoe_overflow_two_lobes, uniq_edmund
D:6:      layout_loops_ring, lemuel_zombie_altar_yredelemnul,
          cheibrodos_sewer_entry_sluice, hellmonk_no_cap
D:7:      layout_loops_cross, temple_hall, enter_bailey_4
Bailey:   bailey_polearm_vampire_castle_hellmonk, bailey

Skill      XL: |  1  2  3  4  5  6  7  8  9 |
---------------+----------------------------+-----
Fighting       | 4 5 6 7 |  7.8
Armour         | 4 5 6 7 8 9 |  9.9
Throwing       | 1 2 |  2.0
Axes           | 3 6 8 9 |  9.0
Shields        | |  3.6
Evocations     | |  0.1

Action                     |  1- 3 |  4- 6 |  7- 9 || total
---------------------------+-------+-------+-------++-------
  Melee: War axe           |    62 |    58 |   232 ||   352
         Headbutt          |     5 |     7 |    44 ||    56
  Throw: Dart              |    12 |     4 |     7 ||    23
  Evoke: Wand              |       |       |     3 ||     3
    Use: Potion            |     2 |     6 |     6 ||    14
         Scroll            |     1 |     6 |     3 ||    10
 Armour: Scale mail        |    42 |    38 |    13 ||    93
         Skin              |       |     4 |       ||     4
         Chain mail        |       |       |   120 ||   120
  Dodge: Dodged            |    34 |    32 |   125 ||   191
  Block: Buckler           |    18 |    14 |    55 ||    87
